PAAA
ROYSE CITY TARGARYENS @ NAPERVILLE BATTLEKINGS
08/17/2023
 
TOP OF THE 1ST
Royse City Targaryens batting - Pitching for Naperville Battlekings : RHP Plinio Pedrulho
Pitching: RHP Plinio Pedrulho
Batting: LHB Eduardo Álvarez 0-0: Ball
1-0: Ball
2-0: Ball
3-0: Called Strike
3-1: Base on Balls
Batting: LHB Carlos Álvarez 0-0: Ball
1-0: Ball
2-0: Ball
3-0: Called Strike
3-1: Fly out, F7 (Flyball, 7M)
Batting: LHB Aurelio Aurillo 0-0: Ball
1-0: Ball
2-0: Ball
3-0: Called Strike
3-1: Base on Balls
Eduardo Álvarez to second
Batting: LHB José Tamayo 0-0: Ball
1-0: Fly out, F7 (Flyball, 78XD)
Runner from 2nd tags up, SAFE at 3rd, no throw
Batting: LHB Jorge Garza 0-0: Ball
1-0: Ball
2-0: Ball
3-0: Base on Balls
Aurelio Aurillo to second
Batting: RHB Héctor Ruíz 0-0: Ball
1-0: Ball
2-0: Called Strike
2-1: Fly out, F7 (Flyball, 7M)
Top of the 1st over - 0 run(s), 0 hit(s), 0 error(s), 3 left on base; Royse City 0 - Naperville 0
BOTTOM OF THE 1ST
Naperville Battlekings batting - Pitching for Royse City Targaryens : LHP Jared Cox
Pitching: LHP Jared Cox
Batting: RHB Jorge Reyes 0-0: Ball
1-0: Ball
2-0: Ball
3-0: Called Strike
3-1: Base on Balls
Batting: RHB Sal Haynes 0-0: Foul Ball, location: 2F
0-1: Ball
1-1: Called Strike
1-2: Ball
2-2: Ball
3-2: Foul Ball, location: 2F
3-2: Base on Balls
Jorge Reyes to second
Batting: RHB Álex Rodríguez 0-0: Ground out 2-3 (Groundball, 23)
Jorge Reyes to third
Sal Haynes to second
Batting: LHB Cristo Ramírez 0-0: Called Strike
0-1: Swinging Strike
0-2: Ball
1-2: Foul Ball, location: 2F
1-2: Strikes out swinging
Batting: RHB Joe Ferneyhough 0-0: Called Strike
0-1: SINGLE (Groundball, 34D) (infield hit)
Jorge Reyes scores
Sal Haynes to third
Batting: RHB Earnest Veeck 0-0: Ground out 4-3 (Groundball, 4)
Bottom of the 1st over - 1 run(s), 1 hit(s), 0 error(s), 2 left on base; Royse City 0 - Naperville 1
TOP OF THE 2ND
Royse City Targaryens batting - Pitching for Naperville Battlekings : RHP Plinio Pedrulho
Batting: RHB Jason Mann 0-0: SOLO HOME RUN (Flyball, 7LD), Distance : 332 ft
Batting: LHB Sébastien Rolland 0-0: Called Strike
0-1: Called Strike
0-2: Fly out, F5 (Line Drive, 5)
Batting: RHB Sancho Balderas 0-0: Ball
1-0: Ball
2-0: Called Strike
2-1: Ground out 4-3 (Groundball, 4M)
Batting: LHB Eduardo Álvarez 0-0: Foul Ball, location: 2F
0-1: Ball
1-1: Ball
2-1: Foul Ball, location: 2F
2-2: Foul Ball, location: 2F
2-2: Strikes out swinging
Top of the 2nd over - 1 run(s), 1 hit(s), 0 error(s), 0 left on base; Royse City 1 - Naperville 1
BOTTOM OF THE 2ND
Naperville Battlekings batting - Pitching for Royse City Targaryens : LHP Jared Cox
Batting: RHB Alfredo López 0-0: Ball
1-0: Foul Ball, location: 2F
1-1: Ball
2-1: Ball
3-1: Base on Balls
Batting: SHB Daryl Lloyd 0-0: Foul Ball, location: 2F
0-1: Called Strike
0-2: SINGLE (Groundball, 34D)
Alfredo López to second
Runner from 2nd tries for 3rd, SAFE, throw made to third
Batting: LHB Alfonso Martínez 0-0: Ball
1-0: Ball
2-0: Fly out, F9 (Flyball, 89M)
Batting: RHB Jorge Reyes 0-0: Ball
1-0: Foul Ball, location: 2F
1-1: Foul Ball, location: 2F
1-2: Fielders Choice at 2nd, 1-6 (Groundball, 23)
Batting: RHB Sal Haynes 0-0: Ball
Balk!
Alfredo López scores
Jorge Reyes to second
1-0: Fly out, F3 (Popup, 3D)
Bottom of the 2nd over - 1 run(s), 1 hit(s), 0 error(s), 1 left on base; Royse City 1 - Naperville 2
TOP OF THE 3RD
Royse City Targaryens batting - Pitching for Naperville Battlekings : RHP Plinio Pedrulho
Batting: LHB Carlos Álvarez 0-0: Swinging Strike
0-1: Ball
1-1: Called Strike
1-2: Ball
2-2: Ball
3-2: Ground out 1-3 (Groundball, 23)
Batting: LHB Aurelio Aurillo 0-0: Ball
1-0: Fly out, F4 (Popup, 4)
Batting: LHB José Tamayo 0-0: Called Strike
0-1: Ground out 2-3 (Groundball, 23)
Top of the 3rd over - 0 run(s), 0 hit(s), 0 error(s), 0 left on base; Royse City 1 - Naperville 2
BOTTOM OF THE 3RD
Naperville Battlekings batting - Pitching for Royse City Targaryens : LHP Jared Cox
Batting: RHB Álex Rodríguez 0-0: Ball
1-0: Ball
2-0: Called Strike
2-1: Fly out, F8 (Flyball, 8LS)
Batting: LHB Cristo Ramírez 0-0: Ground out 5-3 (Groundball, 56)
Batting: RHB Joe Ferneyhough 0-0: Hit by Pitch
Batting: RHB Earnest Veeck 0-0: Ball
1-0: Fly out, F8 (Line Drive, 8RXD)
Bottom of the 3rd over - 0 run(s), 0 hit(s), 0 error(s), 1 left on base; Royse City 1 - Naperville 2
TOP OF THE 4TH
Royse City Targaryens batting - Pitching for Naperville Battlekings : RHP Plinio Pedrulho
Batting: LHB Jorge Garza 0-0: Ball
1-0: Ball
2-0: Called Strike
2-1: Ball
3-1: Base on Balls
Batting: RHB Héctor Ruíz 0-0: Ball
1-0: Called Strike
1-1: Swinging Strike
1-2: Ball
2-2: Strikes out swinging
Batting: RHB Jason Mann 0-0: Grounds into double play, 1-4-3 (Groundball, 23)
Top of the 4th over - 0 run(s), 0 hit(s), 0 error(s), 0 left on base; Royse City 1 - Naperville 2
BOTTOM OF THE 4TH
Naperville Battlekings batting - Pitching for Royse City Targaryens : LHP Jared Cox
Batting: RHB Alfredo López 0-0: Ball
1-0: Ball
2-0: Ball
3-0: Called Strike
3-1: Base on Balls
Batting: SHB Daryl Lloyd 0-0: Ball
1-0: Fly out, F9 (Flyball, 89M)
Batting: LHB Alfonso Martínez 0-0: Called Strike
0-1: Ball
1-1: Ball
2-1: Ball
3-1: Foul Ball, location: 2F
3-2: Base on Balls
Alfredo López to second
Batting: RHB Jorge Reyes 0-0: Ball
1-0: Called Strike
1-1: Fly out, F3 (Popup, 3SF)
Batting: RHB Sal Haynes 0-0: Ball
1-0: Foul Ball, location: 2F
1-1: Ground out 3-1 (Groundball, 23)
Bottom of the 4th over - 0 run(s), 0 hit(s), 0 error(s), 2 left on base; Royse City 1 - Naperville 2
TOP OF THE 5TH
Royse City Targaryens batting - Pitching for Naperville Battlekings : RHP Plinio Pedrulho
Batting: LHB Sébastien Rolland 0-0: Called Strike
0-1: Ball
1-1: Ball
2-1: Ball
3-1: Fly out, F8 (Flyball, 8RD)
Batting: RHB Sancho Balderas 0-0: Ball
1-0: Fly out, F4 (Popup, 3D)
Batting: LHB Eduardo Álvarez 0-0: Called Strike
0-1: Ball
1-1: Ball
2-1: Swinging Strike
2-2: Ball
3-2: Foul Ball, location: 2F
3-2: Foul Ball, location: 2F
3-2: Base on Balls
Batting: LHB Carlos Álvarez 0-0: Ball
1-0: Ball
Eduardo Álvarez steals 2nd base
2-0: Called Strike
2-1: Foul Ball, location: 2F
2-2: Ball
3-2: SINGLE (Groundball, 4MD)
Eduardo Álvarez to third
Eduardo Álvarez scores
Batting: LHB Aurelio Aurillo 0-0: Ball
1-0: Ball
2-0: Ball
3-0: Base on Balls
Carlos Álvarez to second
Batting: LHB José Tamayo 0-0: Ball
1-0: Called Strike
1-1: Called Strike
1-2: Ball
2-2: Foul Ball, location: 2F
2-2: Ball
3-2: Foul Ball, location: 2F
3-2: DOUBLE (Line Drive, 8RM)
Carlos Álvarez scores
Aurelio Aurillo to third
Aurelio Aurillo scores
Batting: LHB Jorge Garza 0-0: Foul Ball, location: 2F
0-1: Foul Ball, location: 2F
0-2: Fly out, F8 (Flyball, 8RS)
Top of the 5th over - 3 run(s), 2 hit(s), 0 error(s), 1 left on base; Royse City 4 - Naperville 2
BOTTOM OF THE 5TH
Naperville Battlekings batting - Pitching for Royse City Targaryens : LHP Jared Cox
Batting: RHB Álex Rodríguez 0-0: DOUBLE (Line Drive, 5L)
Batting: LHB Cristo Ramírez 0-0: Called Strike
0-1: Ball
1-1: Foul Ball, location: 2F
1-2: SINGLE (Line Drive, 9S)
Álex Rodríguez to third
Runner from 3rd tries for Home, SAFE, throw made home
Cristo Ramírez to second
Batting: RHB Joe Ferneyhough 0-0: Foul Ball, location: 2F
0-1: Called Strike
0-2: Ball
1-2: Foul Ball, location: 2F
1-2: Strikes out swinging
Batting: RHB Earnest Veeck 0-0: Ball
1-0: Ball
2-0: Foul Ball, location: 2F
2-1: Ball
3-1: Base on Balls
Pitching: LHP Manuel Franco
Batting: RHB Alfredo López 0-0: Ball
1-0: Ball
2-0: SINGLE (Groundball, 15S) (infield hit)
Cristo Ramírez to third
Earnest Veeck to second
Batting: SHB Daryl Lloyd 0-0: Called Strike
0-1: Ball
1-1: Called Strike
1-2: Foul Ball, location: 2F
1-2: Foul Ball, location: 2F
1-2: Foul Ball, location: 2F
1-2: Ball
2-2: Ball
3-2: Base on Balls
Cristo Ramírez scores
Earnest Veeck to third
Alfredo López to second
Batting: LHB Alfonso Martínez 0-0: Ball
1-0: Called Strike
1-1: Swinging Strike
1-2: Ball
2-2: Fly out, F6 (Line Drive, 6M)
2-2: Lined into DP, U6 (Line Drive, 6M)
Bottom of the 5th over - 2 run(s), 3 hit(s), 0 error(s), 2 left on base; Royse City 4 - Naperville 4
TOP OF THE 6TH
Royse City Targaryens batting - Pitching for Naperville Battlekings : RHP Plinio Pedrulho
Batting: RHB Héctor Ruíz 0-0: Ball
1-0: Foul Ball, location: 2F
1-1: Fly out, F8 (Flyball, 8LD)
Batting: RHB Jason Mann 0-0: Called Strike
0-1: Swinging Strike
0-2: Foul Ball, location: 2F
0-2: Ground out 6-3 (Groundball, 6M)
Batting: LHB Sébastien Rolland 0-0: Ball
1-0: Ball
2-0: SINGLE (Groundball, 34D)
Batting: RHB Sancho Balderas 0-0: Called Strike
0-1: Ball
1-1: Ball
2-1: Fly out, F8 (Flyball, 8LM)
Top of the 6th over - 0 run(s), 1 hit(s), 0 error(s), 1 left on base; Royse City 4 - Naperville 4
BOTTOM OF THE 6TH
Naperville Battlekings batting - Pitching for Royse City Targaryens : LHP Manuel Franco
Batting: RHB Jorge Reyes 0-0: SINGLE (Flyball, 56D)
Batting: RHB Sal Haynes 0-0: Bunt missed!
0-1: Ball
1-1: Ball
2-1: Ball
3-1: Ball
Jorge Reyes to second
Batting: RHB Álex Rodríguez 0-0: SINGLE (Groundball, 6MD)
Jorge Reyes to third
Sal Haynes to second
Batting: LHB Cristo Ramírez 0-0: Ball
Wild Pitch!
Jorge Reyes scores
Sal Haynes to third
Álex Rodríguez to second
1-0: Ball
2-0: Ball
3-0: Called Strike
3-1: Fly out, F9 (Flyball, 9LM)
Runner from 3rd tags up, SCORES, throw made
Pitching: LHP Armando Gonzáles
Batting: RHB Joe Ferneyhough 0-0: Fly out, F9 (Popup, 9S)
Batting: RHB Earnest Veeck 0-0: Called Strike
0-1: Swinging Strike
0-2: Strikes out swinging
Bottom of the 6th over - 2 run(s), 2 hit(s), 0 error(s), 1 left on base; Royse City 4 - Naperville 6
TOP OF THE 7TH
Royse City Targaryens batting - Pitching for Naperville Battlekings : RHP Plinio Pedrulho
Batting: LHB Eduardo Álvarez 0-0: Called Strike
0-1: Ball
1-1: Swinging Strike
1-2: SINGLE (Flyball, 89S)
Batting: LHB Carlos Álvarez 0-0: Ball
1-0: Ball
2-0: Bunt missed!
2-1: Bunted foul
2-2: Ball
3-2: Foul Ball, location: 2F
3-2: Fly out, F6 (Popup, 6D)
Pitching: LHP Jason Puckett
Batting: LHB Aurelio Aurillo 0-0: Ball
1-0: Ball
2-0: Fielders Choice at 2nd, 4-6 (Groundball, 4M)
Batting: LHB José Tamayo 0-0: Ball
1-0: Called Strike
1-1: Called Strike
1-2: Ball
2-2: Foul Ball, location: 2F
2-2: Strikes out swinging
Top of the 7th over - 0 run(s), 1 hit(s), 0 error(s), 1 left on base; Royse City 4 - Naperville 6
BOTTOM OF THE 7TH
Naperville Battlekings batting - Pitching for Royse City Targaryens : LHP Armando Gonzáles
Batting: RHB Alfredo López 0-0: Ball
1-0: SINGLE (Line Drive, 56D)
Batting: SHB Daryl Lloyd 0-0: Sac Bunt - play at first, batter OUT! 2-3
Alfredo López to second
Batting: LHB Alfonso Martínez 0-0: Ball
1-0: Called Strike
1-1: Called Strike
1-2: SINGLE (Line Drive, 9S)
Alfredo López to third
Batting: RHB Jorge Reyes 0-0: Foul Ball, location: 2F
0-1: Ball
1-1: Called Strike
1-2: Ball
2-2: Ball
3-2: Foul Ball, location: 2F
3-2: SINGLE (Line Drive, 56D)
Alfredo López scores
Alfonso Martínez to second
Batting: RHB Sal Haynes 0-0: Ground out 4-3 (Groundball, 4S)
Alfonso Martínez to third
Jorge Reyes to second
Batting: RHB Álex Rodríguez 0-0: Called Strike
0-1: Foul Ball, location: 2F
0-2: Ball
1-2: Ball
2-2: Ground out 4-3 (Groundball, 4)
Bottom of the 7th over - 1 run(s), 3 hit(s), 0 error(s), 2 left on base; Royse City 4 - Naperville 7
TOP OF THE 8TH
Royse City Targaryens batting - Pitching for Naperville Battlekings : LHP Jason Puckett
Batting: LHB Jorge Garza 0-0: Ball
1-0: Called Strike
1-1: Ball
2-1: Ball
3-1: Fly out, F8 (Flyball, 8RM)
Batting: RHB Héctor Ruíz 0-0: DOUBLE (Groundball, 5L)
Pitching: RHP David Francisco
Batting: RHB Jason Mann 0-0: Foul Ball, location: 2F
0-1: Called Strike
0-2: Ground out 6-3 (Groundball, 6)
Pitching: LHP Russ Wood
Batting: LHB Sébastien Rolland 0-0: Ball
1-0: Swinging Strike
1-1: SINGLE (Flyball, 7LS)
Héctor Ruíz to third
Runner from 3rd tries for Home, SAFE, no throw or cutoff
Pitching: RHP Ramón Elizondo
Batting: RHB Sancho Balderas 0-0: Foul Ball, location: 2F
0-1: Ball
1-1: Ball
2-1: Foul Ball, location: 2F
2-2: Foul Ball, location: 2F
2-2: Ground out 2-3 (Groundball, 13S)
Top of the 8th over - 1 run(s), 2 hit(s), 0 error(s), 1 left on base; Royse City 5 - Naperville 7
BOTTOM OF THE 8TH
Naperville Battlekings batting - Pitching for Royse City Targaryens : LHP Armando Gonzáles
Batting: LHB Cristo Ramírez 0-0: Ball
1-0: Fly out, F7 (Flyball, 7S)
Batting: RHB Joe Ferneyhough 0-0: Ball
1-0: Ground out 4-3 (Groundball, 4)
Batting: RHB Earnest Veeck 0-0: Ball
1-0: Foul Ball, location: 2F
1-1: Ball
2-1: Foul Ball, location: 2F
2-2: Ball
3-2: Foul Ball, location: 2F
3-2: Foul Ball, location: 2F
3-2: Fly out, F7 (Flyball, 78M)
Bottom of the 8th over - 0 run(s), 0 hit(s), 0 error(s), 0 left on base; Royse City 5 - Naperville 7
TOP OF THE 9TH
Royse City Targaryens batting - Pitching for Naperville Battlekings : RHP Ramón Elizondo
Pitching: RHP Esteban Arroyo
Batting: LHB Eduardo Álvarez 0-0: Called Strike
0-1: Foul Ball, location: 2F
0-2: Foul Ball, location: 2F
0-2: Ball
1-2: Foul Ball, location: 2F
1-2: Ball
2-2: DOUBLE (Line Drive, 7M)
Batting: LHB Carlos Álvarez 0-0: Ball
1-0: Ball
2-0: Called Strike
2-1: Foul Ball, location: 2F
2-2: Ball
3-2: Base on Balls
Batting: LHB Aurelio Aurillo 0-0: Ball
1-0: Fly out, F8 (Line Drive, 8LM)
Pinch Hitting: LHB Shang-de Zhang 0-0: Ball
1-0: 3-RUN HOME RUN (Flyball, 9LD), Distance : 332 ft
Pitching: RHP William Taylor
Batting: LHB Jorge Garza 0-0: Ball
1-0: Called Strike
1-1: Foul Ball, location: 2F
1-2: Fly out, F8 (Flyball, 8LS)
Batting: RHB Héctor Ruíz 0-0: Ball
1-0: Called Strike
1-1: Fly out, F7 (Flyball, 78M)
Top of the 9th over - 3 run(s), 2 hit(s), 0 error(s), 0 left on base; Royse City 8 - Naperville 7
BOTTOM OF THE 9TH
Naperville Battlekings batting - Pitching for Royse City Targaryens : LHP Armando Gonzáles
Pitching: RHP Mark Sinclair
Now at 2B: Chae-hyeong Kim
Batting: RHB Alfredo López 0-0: Ball
1-0: Ball
2-0: Ball
3-0: Foul Ball, location: 2F
3-1: Foul Ball, location: 2F
3-2: Strikes out swinging
Batting: SHB Daryl Lloyd 0-0: Called Strike
0-1: Ball
1-1: Swinging Strike
1-2: Foul Ball, location: 2F
1-2: Foul Ball, location: 2F
1-2: Foul Ball, location: 2F
1-2: Ball
2-2: Ball
3-2: Foul Ball, location: 2F
3-2: Strikes out looking
Batting: LHB Alfonso Martínez 0-0: Swinging Strike
0-1: Ball
1-1: Foul Ball, location: 2F
1-2: Strikes out swinging
Bottom of the 9th over - 0 run(s), 0 hit(s), 0 error(s), 0 left on base; Royse City 8 - Naperville 7
This league is powered by Out of the Park Baseball, the baseball management simulation game for PC, Mac and Linux
Friday, July 8th, 2016 - OOTP Baseball 16.9 Build 39